 Dungeon Crawl Stone Soup version 0.29-a0-294-g83ea962da3 (webtiles) character file.

Game seed: 15523580201674407587

457 Morbidden the Ruffian (level 6, 0/91 HPs)
             Began as a Troll Monk on Mar 18, 2022.
             Slain by a gnoll
             ... wielding a +0 halberd
              (7 damage)
             ... on level 4 of the Dungeon.
             The game lasted 00:04:40 (2683 turns).

Morbidden the Ruffian (Troll Monk)                  Turns: 2683, Time: 00:04:40

Health: 0/91       AC: 23    Str: 20    XL:     6   Next: 77%
Magic:  6/6        EV:  1    Int:  8    God:
Gold:   254        SH:  0    Dex: 12    Spells: 5/7 levels left

rFire   . . .      SeeInvis .     - Unarmed
rCold   . . .      Faith    .   (no shield)
rNeg    . . .      Spirit   .   (body armour currently unavailable)
rPois   +          Reflect  .   (helmet currently unavailable)
rElec   .          Harm     .   (cloak currently unavailable)
rCorr   .          Rampage  .   (gloves unavailable)
Will    .....      NoTele   +   (boots unavailable)
Stlth   ++........              (no amulet)
HPRegen 1.05/turn               (no ring)
MPRegen 0.10/turn               (no ring)

@: brilliant, tree-form, weak-willed
A: stationary, stasis, torment immunity, boosted hp, large, unfitting armour,
(claws 3), regeneration 1, (shaggy fur 1), (tough skin 1), devolution 1
a: no special abilities


You were on level 4 of the Dungeon.
You were a tree.
You visited 1 branch of the dungeon, and saw 4 of its levels.

You collected 254 gold pieces.

Inventory:

Armour
 a - a +0 robe (melded)
 m - a +1 cloak (melded)
Scrolls
 d - 2 scrolls of identify
 e - 2 scrolls of teleportation
Potions
 j - a potion of lignification


   Skills:
 * Level 3.2 Fighting
 * Level 3.5 Dodging
 + Level 1.4 Stealth
 * Level 5.6 Unarmed Combat
 * Level 1.0 Spellcasting
 * Level 1.0 Translocations


You had 5 spell levels left.
You knew the following spells:

 Your Spells              Type           Power      Damage    Failure   Level
a - Blink                 Tloc           6%         N/A       36%         2

Your spell library contained the following spells:

 Spells                   Type           Power      Damage    Failure   Level
 Animate Skeleton         Necr           0%         N/A       36%         1
 Pain                     Necr           0%         1d4       36%         1
 Poisonous Vapours        Pois/Air       0%         N/A       52%         2
 Vampiric Draining        Necr           0%         2d6       75%         3
 Hailstorm                Conj/Ice       0%         3d3       98%         4
 Alistair's Intoxication  Tmut/Pois      0%         N/A       100%        5
 Manifold Assault         Tloc           3%         N/A       100%        5
 Storm Form               Tmut/Air       0%         N/A       100%        7
 Fire Storm               Conj/Fire      0%         5d1       100%        9


Dungeon Overview and Level Annotations

Branches:
Dungeon (4/15)
 Temple: D:4-7

Altars:
Elyvilon
Qazlal

Shops:
D:1 (


Innate Abilities, Weirdness & Mutations

You are a tree.
Your roots penetrate the ground, keeping you stationary.
You cannot be teleported.
You are immune to unholy pain and torment.
Your maximum health is greatly increased.
Your equipment is partially melded.
You are too large for most types of armour.
((You have claws for hands.))
Your natural rate of healing is unusually fast.
((You are covered in fur. (AC +1)))
((You have tough skin. (AC +1)))
You have hidden genetic defects.


Message History

You aren't carrying any weapons that can be branded.
The gnoll hits you but does no damage.
The gnoll hits you from afar with a +0 halberd.
* * * LOW HITPOINT WARNING * * *
Unknown command.
As you read the scroll labelled LIASUV QOSUPS, it crumbles to dust.
It is a scroll of enchant armour.
Your +0 cloak glows green for a moment.
The gnoll hits you from afar with a +1 vorpal spear.
* * * LOW HITPOINT WARNING * * *
x2 The gnoll hits you from afar with a +0 halberd!
* * * LOW HITPOINT WARNING * * *
Unknown command.
Unknown command.
As you read the scroll labelled PEHAMI ELAID, it crumbles to dust.
Magic quickly surges around you.
It was a scroll of vulnerability.
The gnoll hits you from afar with a +1 vorpal spear.
* * * LOW HITPOINT WARNING * * *
x2 The gnoll hits you but does no damage.
Unknown command.
As you read the scroll of fog, it crumbles to dust.
The scroll dissolves into smoke.
The gnoll looks more healthy.
The gnoll hits you but does no damage.
The gnoll hits you from afar with a +0 halberd.
* * * LOW HITPOINT WARNING * * *
Unknown command.
Unknown command.
Unknown command.
Unknown command.
Okay, then.
Okay, then.
It was a potion of mutation.
You feel extremely strange.
You feel a hidden malignance growing inside you.
The gnoll hits you but does no damage. x2
Unknown command.
It was a potion of brilliance.
You feel clever all of a sudden. The gnoll hits you but does no damage.
The gnoll hits you from afar with a +0 halberd!
You die...

###.#......########.. #.........
....#..........#... ##........
######.....###.#.#####.##........
...........# #.........##........
#####...#### #.#.##..............
...#....# ###.# .....#+####
........###### #§# .......
...#....##.... #.# .......
........##.... #♣# .
######+###....##§##.... .....#
#....)gg.....[. ..<#.#
+...$§...§##### ####.#
#.........# .....# #.........#
###### #.?.(.....# # #####.....#
# .......


You could see 2 gnolls.

Vanquished Creatures
  An ogre (D:4)
  2 scorpions
  A hound (D:3)
  An iguana (D:3)
  Terence (D:2)
  A gnoll (D:4)
  7 adders
  A shadow imp (D:4)
  An ufetubus (D:4)
  3 worms
  3 dart slugs (D:2)
  4 orcs (D:3)
  5 bats
  5 endoplasms
  3 giant cockroaches
  4 goblins
  4 hobgoblins
  4 jackals (D:1)
  7 kobolds
  3 quokkas (D:2)
  8 ball pythons
  4 frilled lizards (D:1)
  8 rats
81 creatures vanquished.

Vanquished Creatures (others)
  A plant (D:1)
1 creature vanquished.

Grand Total: 82 creatures vanquished

Notes
Turn   | Place    | Note
-------+----------+-------------------------------------------
     0 | D:1      | Morbidden the Troll Monk began the quest for the Orb.
     0 | D:1      | Reached XP level 1. HP: 22/22 MP: 0/0
    24 | D:1      | Found Hehy's Antique Weapon Shoppe.
    86 | D:1      | Reached XP level 2. HP: 29/29 MP: 1/1
   147 | D:1      | Found a faded altar of an unknown god.
   311 | D:1      | Reached XP level 3. HP: 36/36 MP: 2/2
   666 | D:2      | Reached XP level 4. HP: 44/44 MP: 3/3
   671 | D:2      | Noticed Terence
   687 | D:2      | Killed Terence
   688 | D:2      | Reached skill level 4 in Unarmed Combat
  1049 | D:2      | Learned a level 2 spell: Blink
  1063 | D:2      | Noticed a scorpion
  1069 | D:2      | Killed a scorpion
  1070 | D:2      | Reached XP level 5. HP: 51/52 MP: 4/4
  1653 | D:3      | Got the Collected Works on Intoxication and Arcane Weapons
  1684 | D:3      | Noticed a water elemental
  1686 | D:3      | Found a stormy altar of Qazlal.
  1689 | D:3      | Noticed an air elemental
  1689 | D:3      | Noticed a fire elemental
  2012 | D:3      | Found a white marble altar of Elyvilon.
  2231 | D:3      | Reached skill level 5 in Unarmed Combat
  2231 | D:3      | Reached XP level 6. HP: 51/61 MP: 6/6
  2566 | D:4      | Reached skill level 1 in Translocations
  2653 | D:4      | Reached skill level 1 in Spellcasting
  2682 | D:4      | Gained mutation: You have hidden genetic defects. [potion
                  | of mutation]
  2683 | D:4      | Slain by a gnoll

Illustrated notes

Levels and vault maps discovered:
D:1:      tarquinn_simple_flora_water_c, layout_basic,
          shapermc_ecumenical_altar_mp_urbaneastern, serial_shops, shop
D:2:      layout_loops_cross, minmay_divided_ellipse, uniq_terence
D:3:      layout_basic, nicolae_qazlal_style_of_elements, general_overflow_altar
D:4:      layout_basic

Skill      XL: |  1  2  3  4  5  6 |
---------------+-------------------+-----
Dodging        | 3 |  3.5
Unarmed Combat | 4 5 |  5.6
Fighting       | 3 |  3.2
Translocations | 1 |  1.0
Spellcasting   | 1 |  1.0
Stealth        | |  1.4

Action                   |  1- 3 |  4- 6 || total
-------------------------+-------+-------++-------
Melee: Unarmed           |    79 |   115 ||   194
       Punch             |       |     2 ||     2
Throw: Dart              |       |     5 ||     5
  Use: Potion            |       |     9 ||     9
       Scroll            |       |     8 ||     8
 Stab: Sleeping          |     4 |     4 ||     8
Armor: Robe              |    22 |    27 ||    49
       Skin              |       |    39 ||    39
Dodge: Dodged            |    39 |    61 ||   100

Table legend: (Time is in decaauts)
 A = Elapsed time spent in this place.
 B = Non-inter-level travel time spent in this place.
 C = Inter-level travel time spent in this place.
 D = Time resting spent in this place.
 E = Time spent auto-exploring this place.
 F = Levels seen in this place.
 G = Mean time per level.
                   A        B        C        D        E       F      G
               +--------+--------+--------+--------+--------+-----+--------+
         Total |   2669 |   2522 |    147 |      0 |   2032 |   4 |  667.2 |
       Dungeon |   2669 |   2522 |    147 |      0 |   2032 |   4 |  667.2 |
               +--------+--------+--------+--------+--------+-----+--------+

Top non-repeatable levels by time:
     D:3: 1009 daAuts
     D:2: 819 daAuts
     D:1: 566 daAuts
     D:4: 274 daAuts
